 Dungeon Crawl Stone Soup version 0.30-a0-782-ge64f9170bb (webtiles) character file.

Game seed: 16387387455459812528

255 Crownlay the Sneak (level 6, -1/36 HPs)
             Began as an Octopode Earth Elementalist on Feb 26, 2023.
             Succumbed to a scorpion's poison
             ... on level 4 of the Dungeon.
             The game lasted 00:02:37 (3243 turns).

Crownlay the Sneak (Octopode Earth Elementalist)    Turns: 3243, Time: 00:02:37

Health: -1/36      AC:  1    Str:  7    XL:     6   Next: 15%
Magic:  4/12       EV: 13    Int: 20    God:
Gold:   130        SH:  0    Dex: 12    Spells: 9/13 levels left

rFire   . . .      SeeInvis .    d - staff of earth
rCold   . . .      Faith    .    (no shield)
rNeg    . . .      Spirit   .    (helmet restricted)
rPois   .          Reflect  .    (no amulet)
rElec   .          Harm     .    (no ring)
rCorr   .          Rampage  .    (no ring)
Will    .....                    (no ring)
Stlth   ++++                     (no ring)
HPRegen 0.26/turn                (no ring)
MPRegen 0.13/turn                (no ring)
                                 (no ring)
                                 (no ring)

@: lethally poisoned (-1 -> -12)
A: almost no armour, amphibious, 8 rings, camouflage 1, gelatinous body 1,
(nimble swimmer 1), tentacles
a: no special abilities


You were on level 4 of the Dungeon.
You visited 1 branch of the dungeon, and saw 4 of its levels.

You collected 130 gold pieces.

Inventory:

Magical Staves
 d - a staff of earth (weapon)
Scrolls
 c - a scroll of magic mapping {unknown}
 g - a scroll of noise {unknown}
 h - a scroll of poison {unknown}
 i - a scroll of immolation {unknown}
 k - a scroll of blinking {unknown}
Potions
 a - a potion of magic
 e - a potion of resistance {unknown}
 f - a potion of attraction {unknown}
 j - a potion of mutation {unknown}
 l - a potion of degeneration {unknown}


   Skills:
 - Level 2.0 Dodging
 + Level 5.0 Stealth
 * Level 4.3 Spellcasting
 + Level 0.0 Conjurations
 - Level 1.0 Transmutations
 + Level 4.1 Earth Magic


You had 9 spell levels left.
You knew the following spells:

 Your Spells              Type           Power      Damage    Failure   Level
a - Sandblast             Erth           62%        2d14      2%          1
b - Stone Arrow           Conj/Erth      38%        3d9       16%         3

Your spell library contained the following spells:

 Spells                   Type           Power      Damage    Failure   Level
 Passwall                 Tmut/Erth      18%        N/A       6%          2
 Lesser Beckoning         Tloc           8%         N/A       19%         2
 Gell's Gravitas          Tloc           4%         N/A       36%         3
 Teleport Other           Tloc           4%         N/A       36%         3
 Petrify                  Tmut/Erth      22%        N/A       38%         4


Dungeon Overview and Level Annotations

Branches:
Dungeon (4/15)
 Temple: D:4-7

Altars:


Innate Abilities, Weirdness & Mutations

You cannot wear most types of armour.
You are amphibious.
You can wear up to eight rings at the same time.
Your skin changes colour to match your surroundings (Stealth+).
Your rubbery body absorbs attacks. (AC +1, EV +1)
((You are camouflaged when in or above water. (Stealth+)))
You have tentacles for arms and can constrict up to eight enemies at once.


Message History

Press: ? - help, Shift-Dir - straight line, f/p - scorpion
Aim: a scorpion (severely wounded, 84% to hit)
You feel a surge of power!
The blast of sand misses the scorpion.
The blast of sand hits the gnoll bouda!
The gnoll bouda is heavily wounded.
You feel sick. The scorpion stings you. The scorpion barely misses you.
Casting: Sandblast (safe; 2% risk of failure)
Confirm with . or Enter, or press ? or * to list all spells.
Aiming: Sandblast (safe; 2% risk of failure)
Press: ? - help, Shift-Dir - straight line, f/p - scorpion
Aim: a scorpion (severely wounded, 84% to hit)
You feel a surge of power!
The blast of sand hits the scorpion but does no damage.
The scorpion is severely wounded.
You feel sick.
The scorpion stings you but does no damage.
The gnoll bouda gazes fiercely through you!
You feel as though you will be weak longer.
The scorpion misses you.
Casting: Sandblast (safe; 2% risk of failure)
Confirm with . or Enter, or press ? or * to list all spells.
Aiming: Sandblast (safe; 2% risk of failure)
Press: ? - help, Shift-Dir - straight line, f/p - scorpion
Aim: a scorpion (severely wounded, 84% to hit)
You feel a surge of power!
The blast of sand hits the scorpion but does no damage.
The scorpion is severely wounded.
You feel sick.
You are no longer poisoned.
The scorpion stings you!
* * * LOW HITPOINT WARNING * * *
The scorpion stings you.
* * * LOW HITPOINT WARNING * * *
You are lethally poisoned!
The scorpion poisons you!
It was a potion of cancellation.
Your magical effects are unravelling.
You feel magically purged.
Your attacks no longer feel as feeble.
You die...

.....#....#
....#....# ##
#†...... ..
.).).###.
#.##.###........
#......KK......#
..#.##g#+######
#s# #@#
#.###########
#......(.##.###
########...<..#
########


You could see a gnoll bouda, a scorpion and 2 kobolds.

Vanquished Creatures
  A water moccasin (D:3)
  Terence (D:2)
  An orc wizard (D:3)
  4 adders
  2 dart slugs
  4 orcs (D:3)
  5 ball pythons
  6 endoplasms
  A giant cockroach (D:2)
  7 goblins
  3 hobgoblins
  7 jackals
  A quokka (D:4)
  A bat (D:2)
  A frilled lizard (D:1)
  5 kobolds
  2 rats
52 creatures vanquished.

Vanquished Creatures (others)
  2 demonic plants (D:3)
  3 fungi (D:3)
  3 plants (D:3)
  A withered plant (D:3)
9 creatures vanquished.

Grand Total: 61 creatures vanquished

Notes
Turn   | Place    | Note
-------+----------+-------------------------------------------
     0 | D:1      | Crownlay the Octopode Earth Elementalist began the quest
                  | for the Orb.
     0 | D:1      | Reached XP level 1. HP: 11/11 MP: 3/3
   465 | D:1      | Reached skill level 3 in Stealth
   465 | D:1      | Reached XP level 2. HP: 17/17 MP: 3/5
  1199 | D:2      | Noticed Terence
  1265 | D:2      | Reached XP level 3. HP: 21/21 MP: 1/6
  1269 | D:2      | Learned a level 3 spell: Stone Arrow
  1740 | D:2      | Killed Terence
  1741 | D:2      | Reached XP level 4. HP: 27/27 MP: 1/8
  2458 | D:3      | Found a faded altar of an unknown god.
  2466 | D:3      | Reached skill level 4 in Stealth
  2594 | D:3      | Reached XP level 5. HP: 31/31 MP: 8/10
  2786 | D:3      | Noticed a water moccasin
  2791 | D:3      | Killed a water moccasin
  2792 | D:3      | Reached XP level 6. HP: 36/36 MP: 8/12
  3232 | D:4      | Reached skill level 5 in Stealth
  3243 | D:4      | Succumbed to a scorpion's poison

Illustrated notes

Levels and vault maps discovered:
D:1:      shiori_shiawase, layout_loops_corners
D:2:      cheibrodos_helix_gallery, layout_loops_corners, uniq_terence
D:3:      layout_basic, shapermc_ecumenical_altar_gd, guppyfry_early_lair_pool
D:4:      layout_basic, minmay_bent, uniq_natasha

Skill      XL: |  1  2  3  4  5  6 |
---------------+-------------------+-----
Stealth        | 3 4 5 |  5.0
Spellcasting   | 3 4 |  4.3
Earth Magic    | 4 |  4.1
Dodging        | |  2.0
Transmutations | |  1.0

Action                     |  1- 3 |  4- 6 || total
---------------------------+-------+-------++-------
  Melee: Unarmed           |     6 |       ||     6
         Tentacles         |     1 |       ||     1
         Staff             |     1 |       ||     1
   Cast: Sandblast         |    33 |    41 ||    74
         Stone Arrow       |     2 |       ||     2
    Use: Potion            |       |     1 ||     1
 Armour: Skin              |     2 |     2 ||     4
  Dodge: Dodged            |    10 |    11 ||    21

Table legend: (Time is in decaauts)
 A = Elapsed time spent in this place.
 B = Non-inter-level travel time spent in this place.
 C = Inter-level travel time spent in this place.
 D = Time resting spent in this place.
 E = Time spent auto-exploring this place.
 F = Levels seen in this place.
 G = Mean time per level.
                   A        B        C        D        E       F      G
               +--------+--------+--------+--------+--------+-----+--------+
         Total |   3279 |   3213 |     66 |    141 |   2734 |   4 |  819.8 |
       Dungeon |   3279 |   3213 |     66 |    141 |   2734 |   4 |  819.8 |
               +--------+--------+--------+--------+--------+-----+--------+

Top non-repeatable levels by time:
     D:2: 1347 daAuts
     D:3: 974 daAuts
     D:1: 923 daAuts
     D:4: 34 daAuts
